 Dungeon Crawl Stone Soup version 0.30-a0-374-g95c0257040 (webtiles) character file.

Game seed: 7991424001739243831

63 pokeman the Magician (level 3, -9/19 HPs)
             Began as a Deep Elf Hedge Wizard on Nov 25, 2022.
             Killed by miscasting Mephitic Cloud (13 damage)
             ... on level 2 of the Dungeon.
             The game lasted 00:02:49 (1912 turns).

pokeman the Magician (Deep Elf Hedge Wizard)        Turns: 1912, Time: 00:02:50

Health: -9/19      AC:  3    Str:  7    XL:     3   Next: 89%
Magic:  1/11       EV: 12    Int: 20    God:
Gold:   167        SH:  0    Dex: 14    Spells: 3/11 levels left

rFire   . . .      SeeInvis .    a - +0 dagger
rCold   . . .      Faith    .    (no shield)
rNeg    + . .      Spirit   .    h - +0 leather armour
rPois   .          Reflect  .    c - +0 hat
rElec   .          Harm     .    (no cloak)
rCorr   .          Rampage  .    (no gloves)
Will    .....                    (no boots)
Stlth   ++........               (no amulet)
HPRegen 0.23/turn                b - ring of positive energy
MPRegen 0.12/turn                (no ring)

@: very slightly contaminated
A: no striking features
a: no special abilities


You were on level 2 of the Dungeon.
You visited 1 branch of the dungeon, and saw 2 of its levels.

You collected 167 gold pieces.

Inventory:

Hand Weapons
 a - a +0 dagger (weapon)
Armour
 c - a +0 hat (worn)
 h - a +0 leather armour (worn)
Jewellery
 b - a ring of positive energy (left hand)
Scrolls
 l - a scroll of vulnerability {unknown}
Potions
 d - a potion of magic
 e - a potion of haste {unknown}
 f - a potion of mutation {unknown}
 g - a potion of curing {unknown}
 i - 3 potions of flight {unknown}
 j - a potion of lignification {unknown}
 k - a potion of berserk rage {unknown}


   Skills:
 + Level 0.2 Fighting
 + Level 0.3 Armour
 + Level 2.8 Dodging
 - Level 3.0 Stealth
 * Level 4.9 Spellcasting
 + Level 1.7 Conjurations
 + Level 1.8 Summonings
 + Level 1.8 Translocations
 + Level 0.3 Air Magic
 + Level 0.3 Poison Magic


You had 3 spell levels left.
You knew the following spells:

 Your Spells              Type           Power      Damage    Failure   Level
a - Magic Dart            Conj           44%        1d5       9%          1
b - Mephitic Cloud        Conj/Pois/Air  8%         N/A       36%         3
c - Call Imp              Summ           12%        N/A       12%         2
d - Blink                 Tloc           24%        N/A       12%         2

Your spell library contained the following spells:

 Spells                   Type           Power      Damage    Failure   Level
 Slow                     Hex            16%        N/A       17%         1
 Cigotuvi's Dreadful Rot  Necr/Pois/Air  10%        N/A       24%         2
 Ensorcelled Hibernation  Hex/Ice        8%         N/A       26%         2
 Spider Form              Tmut/Pois      5%         N/A       43%         3
 Anguish                  Hex/Necr       2%         N/A       86%         4


Dungeon Overview and Level Annotations

Branches:
Dungeon (2/15)

Altars:


Message History

g - Guard the area. f - Follow me.
Anything else - Cancel.
Okay, then.
Unknown command.
The gnoll closely misses your crimson imp.
Your magical contamination has completely faded away.
Casting: Call Imp (safe; 12% risk of failure)
Confirm with . or Enter, or press ? or * to list all spells.
The spell is astonishingly dangerous to miscast (36% risk of failure)!
Continue anyway?
Okay, then.
Unknown command.
The gnoll barely misses your crimson imp.
Your crimson imp blinks!
Casting: Mephitic Cloud (astonishingly dangerous; 36% risk of failure)
Confirm with . or Enter, or press ? or * to list all spells.
The spell is astonishingly dangerous to miscast (36% risk of failure)!
Continue anyway?
Aiming: Mephitic Cloud (astonishingly dangerous; 36% risk of failure)
Press: ? - help, Shift-Dir - straight line, f/p - gnoll
Aim: a gnoll, wielding a +0 halberd (translocational energy, chance to affect: 91%)
Okay, then.
Unknown command.
Casting: Mephitic Cloud (astonishingly dangerous; 36% risk of failure)
Confirm with . or Enter, or press ? or * to list all spells.
The spell is astonishingly dangerous to miscast (36% risk of failure)!
Continue anyway?
Aiming: Mephitic Cloud (astonishingly dangerous; 36% risk of failure)
Press: ? - help, Shift-Dir - straight line, f/p - gnoll
Aim: a gnoll, wielding a +0 halberd (chance to affect: 91%)
You miscast Mephitic Cloud.
You are very lightly contaminated with residual magic.
You are caught in a violent explosion.
* * * LOW HITPOINT WARNING * * *
Casting: Mephitic Cloud (astonishingly dangerous; 36% risk of failure)
Confirm with . or Enter, or press ? or * to list all spells.
The spell is astonishingly dangerous to miscast (36% risk of failure)!
Continue anyway?
Aiming: Mephitic Cloud (astonishingly dangerous; 36% risk of failure)
Press: ? - help, Shift-Dir - straight line, f/p - gnoll
Aim: a gnoll, wielding a +0 halberd (chance to affect: 91%)
You miscast Mephitic Cloud.
Electricity courses through your body!
Ouch! That really hurt!
You die...

#..##...##g#
#.....5....#
..###.g.#### ##g## ###
#.# ..# #g# #.# ##'##
#.# ##...## ####.#
##..@..##
##.##.###.......#
#####...#.##.........#
...........'.........+
#####...#.##....>....#
##.##.###.......##
####.# ##.....## #.#
##...## ..# #+##


You could see 3 gnolls and a friendly crimson imp (summoned).

Vanquished Creatures
  2 adders (D:2)
  2 worms (D:2)
  2 dart slugs (D:1)
  A bat (D:2)
  3 endoplasms (D:1)
  A giant cockroach (D:2)
  4 goblins (D:1)
  5 hobgoblins (D:1)
  6 kobolds
  A quokka (D:1)
  2 ball pythons
  A frilled lizard (D:2)
  4 rats
34 creatures vanquished.

Notes
Turn   | Place    | Note
-------+----------+-------------------------------------------
     0 | D:1      | pokeman the Deep Elf Hedge Wizard began the quest for the
                  | Orb.
     0 | D:1      | Reached XP level 1. HP: 10/10 MP: 7/7
    50 | D:1      | Reached XP level 2. HP: 3/15 MP: 0/9
   702 | D:1      | Found a faded altar of an unknown god.
   800 | D:1      | Reached XP level 3. HP: 19/19 MP: 4/11
   804 | D:1      | Learned a level 3 spell: Mephitic Cloud
   807 | D:1      | Learned a level 2 spell: Call Imp
   810 | D:1      | Learned a level 2 spell: Blink
  1912 | D:2      | Killed by miscasting Mephitic Cloud

Illustrated notes

Levels and vault maps discovered:
D:1:      dpeg_arrival_arbitrary_c, layout_loops_ring, basic_ecumenical_altar
D:2:      layout_loops_corners, minmay_small_reverse_x

Skill      XL: |  1  2 |
---------------+-------+-----
Stealth        | 3 |  3.0
Fighting       | |  0.2
Armour         | |  0.3
Dodging        | |  2.8
Spellcasting   | |  4.9
Conjurations   | |  1.7
Summonings     | |  1.8
Translocations | |  1.8
Air Magic      | |  0.3
Poison Magic   | |  0.3

Action                   || total
-------------------------++-------
Melee: Dagger            ||    18
 Cast: Magic Dart        ||    99
       Call Imp          ||     2
Armor: Robe              ||     3
       Leather armour    ||     4
Dodge: Dodged            ||    17

Table legend: (Time is in decaauts)
 A = Elapsed time spent in this place.
 B = Non-inter-level travel time spent in this place.
 C = Inter-level travel time spent in this place.
 D = Time resting spent in this place.
 E = Time spent auto-exploring this place.
 F = Levels seen in this place.
 G = Mean time per level.
                   A        B        C        D        E       F      G
               +--------+--------+--------+--------+--------+-----+--------+
         Total |   1911 |   1892 |     19 |     62 |   1572 |   2 |  955.5 |
       Dungeon |   1911 |   1892 |     19 |     62 |   1572 |   2 |  955.5 |
               +--------+--------+--------+--------+--------+-----+--------+

Top non-repeatable levels by time:
     D:1: 1172 daAuts
     D:2: 738 daAuts
